 Dungeon Crawl Stone Soup version 0.31-a0-263-ge8cad7f256 (webtiles) character file.

Game seed: 5007374369128150967

39 porpoise the Shooter (level 3, -2/23 HPs)
             Began as a Kobold Hunter on July 14, 2023.
             Slain by Sigmund
             ... wielding a +0 scythe
              (8 damage)
             ... on level 2 of the Dungeon.
             The game lasted 00:01:40 (984 turns).

porpoise the Shooter (Kobold Hunter)                 Turns: 984, Time: 00:01:41

Health: -2/23      AC:  4    Str:  8    XL:     3   Next: 70%
Magic:  3/3        EV: 14    Int: 10    God:
Gold:   35         SH:  5    Dex: 20    Spells: 2/2 levels left

rFire   + . .        a - +0 shortbow
rCold   . . .        (shield currently unavailable)
rNeg    . . .        c - +0 leather armour
rPois   .            (no helmet)
rElec   .            (no cloak)
rCorr   .            f - +0 pair of gloves
SInv    .            (no boots)
Will    .....        g - amulet of reflection
Stlth   +++          h - ring of protection from fire
HPRegen 0.23/turn    (no ring)
MPRegen 0.08/turn

%: reflection
@: no status effects
A: small, no large weapons, nightstalker 3
a: no special abilities


You were on level 2 of the Dungeon.
You visited 1 branch of the dungeon, and saw 2 of its levels.

You collected 35 gold pieces.

Inventory:

Hand Weapons
 a - a +0 shortbow (weapon)
Armour
 c - a +0 leather armour (worn)
 f - a +0 pair of gloves (worn)
Jewellery
 g - an amulet of reflection (around neck)
 h - a ring of protection from fire (left hand)
Scrolls
 b - a scroll of butterflies
 d - a scroll of identify {unknown}
Potions
 e - a potion of degeneration {unknown}


   Skills:
 + Level 3.0 Fighting
 * Level 6.4 Ranged Weapons
 - Level 2.4 Dodging
 - Level 1.3 Stealth


You had 2 spell levels left.
You didn't know any spells.
Your spell library was empty.

Dungeon Overview and Level Annotations

Branches:
Dungeon (2/15)

Altars:

Annotations:
D:2 Sigmund


Innate Abilities, Weirdness & Mutations

You are small and have problems with some larger weapons.
You are completely attuned to the shadows.


Message History

Placed new exclusion.
You see here 4 stones.
A kobold comes into view. It is wielding a +0 dagger.
The kobold shouts!
You hear a shout! x3
You shoot an arrow. The arrow closely misses the kobold.
You shoot an arrow. The arrow hits the kobold.
You kill the kobold!
No target in view!
A kobold comes into view. It is wielding a +0 club.
You shoot an arrow. The arrow hits Sigmund.
Sigmund is lightly wounded.
Sigmund points at you and mumbles some strange words.
The magic dart hits you!
You shoot an arrow. The arrow hits Sigmund.
Sigmund is moderately wounded.
You hear a shout!
Sigmund gestures wildly while chanting.
Sigmund flickers and vanishes!
Deactivating autopickup; reactivate with Ctrl-A.
A magic dart appears from out of thin air!
The magic dart hits you but does no damage.
Fire: a) +0 shortbow
Press: ? - help, Q - select action Shift-Dir - straight line
Okay, then.
You shoot an arrow.
The arrow hits the kobold but does no damage.
The kobold hits you with a +0 club.
You shoot an arrow.
The arrow hits the kobold but does no damage.
Something hits you. You block the kobold's attack.
You shoot an arrow.
The arrow hits the kobold but does no damage.
The kobold hits you but does no damage.
You shoot an arrow. The arrow misses the kobold.
Something hits you. The kobold hits you with a +0 club.
* * * LOW HITPOINT WARNING * * *
You shoot an arrow. The arrow hits the kobold!
You kill the kobold!
Something hits you!
You die...

.## ....
######+ ....
...... ...
#....@ .###
#.# ###..#
.... #.#
#.... ####
#.# #.#.###
#####
#.###)#....
....#
##...(.@)...
....+
##.######.#.#
.†..# ##.##
#..
.†..####.###
.##
....#...##.#
#
........†.†#
......######
........
....#..>.


There were no monsters in sight!

Vanquished Creatures
  Natasha (D:2)
  2 ball pythons
  3 bats
  An endoplasm (D:2)
  A goblin (D:1)
  A hobgoblin (D:2)
  A quokka (D:1)
  4 frilled lizards
  3 kobolds
  A rat (D:1)
18 creatures vanquished.

Notes
Turn   | Place    | Note
-------+----------+-------------------------------------------
     0 | D:1      | porpoise the Kobold Hunter began the quest for the Orb.
     0 | D:1      | Reached XP level 1. HP: 12/12 MP: 1/1
   254 | D:1      | Reached XP level 2. HP: 18/18 MP: 2/2
   927 | D:2      | Noticed Natasha
   932 | D:2      | Killed Natasha
   933 | D:2      | Reached skill level 6 in Ranged Weapons
   933 | D:2      | Reached XP level 3. HP: 19/22 MP: 3/3
   967 | D:2      | Noticed Sigmund
   984 | D:2      | Slain by Sigmund

Illustrated notes

Levels and vault maps discovered:
D:1:      kennysheep_arrival_seaside, layout_loops_cross
D:2:      layout_basic, minmay_cut_off, uniq_sigmund, uniq_natasha

Skill      XL: |  1  2  3 |
---------------+----------+-----
Ranged Weapons | 6 |  6.4
Fighting       | 3 |  3.0
Dodging        | |  2.4
Stealth        | |  1.3

Action                     || total
---------------------------++-------
   Fire: Shortbow          ||    42
 Armour: Leather armour    ||     6
  Dodge: Dodged            ||     3
  Block: Other             ||     6
         Reflection        ||     1

Table legend: (Time is in decaauts)
 A = Elapsed time spent in this place.
 B = Non-inter-level travel time spent in this place.
 C = Inter-level travel time spent in this place.
 D = Time resting spent in this place.
 E = Time spent auto-exploring this place.
 F = Levels seen in this place.
 G = Mean time per level.
                   A        B        C        D        E       F      G
               +--------+--------+--------+--------+--------+-----+--------+
         Total |    996 |    930 |     66 |     10 |    825 |   2 |  498.0 |
       Dungeon |    996 |    930 |     66 |     10 |    825 |   2 |  498.0 |
               +--------+--------+--------+--------+--------+-----+--------+

Top non-repeatable levels by time:
     D:1: 899 daAuts
     D:2: 97 daAuts
